 Dungeon Crawl Stone Soup version 0.20.1-1-g8b1a95d66d (webtiles) character file.

58 bodvar the Shield-Bearer (level 4, 0/52 HPs)
             Began as a Human Fighter on Nov 17, 2017.
             Was an Initiate of Cheibriados.
             Killed from afar by an orc wizard (9 damage)
             ... with a magic dart
             ... on level 2 of the Dungeon.
             The game lasted 00:22:13 (1435 turns).

bodvar the Shield-Bearer (Human Fighter)            Turns: 1435, Time: 00:22:18

Health: 0/52       AC:  8    Str: 23    XL:     4   Next: 21%
Magic:  4/4        EV:  7    Int:  9    God:    Cheibriados [......]
Gold:   19         SH: 10    Dex: 14    Spells: 3/3 levels left

rFire    . . .     SeeInvis .   a - +0 long sword
rCold    . . .     Gourm    .   c - +0 shield
rNeg     . . .     Faith    .   b - +0 scale mail
rPois    .         Spirit   .   (no helmet)
rElec    .         Reflect  .   (no cloak)
rCorr    .         Harm     .   (no gloves)
MR       .....                  i - +0 pair of boots
Stlth    ..........             (no amulet)
Regen    0.2/turn               r - ring of flight
MPRegen  0.1/turn               (no ring)

@: berserking (expiring), very slow
A: no striking features
a: Bend Time, Renounce Religion, Evoke Flight


You were on level 2 of the Dungeon.
You worshipped Cheibriados.
Cheibriados was noncommittal.
You were hungry.

You visited 1 branch of the dungeon, and saw 3 of its levels.

You collected 19 gold pieces.

Inventory:

Hand Weapons
 a - a +0 long sword (weapon)
 l - a +0 spear
 o - a +0 hunting sling
 u - a +0 flail
 v - a +0 mace
Missiles
 h - 8 sling bullets
 j - 25 arrows
 m - 8 javelins (quivered)
Armour
 b - a +0 scale mail (worn)
 c - a +0 shield (worn)
 i - a +0 pair of boots (worn)
Jewellery
 r - a ring of flight (left hand)
Wands
 q - a wand of acid (7/15)
Scrolls
 s - a scroll of fog {unknown}
Potions
 d - 2 potions of might
 k - 2 potions of curing {unknown}
 p - 2 potions of haste {unknown}
Comestibles
 f - 2 bread rations
 g - a royal jelly
 n - a meat ration
 t - a chunk of flesh


   Skills:
 + Level 3.5 Fighting
 + Level 2.3 Long Blades
 + Level 3.4 Armour
 + Level 0.4 Dodging
 + Level 3.6 Shields


You had 3 spell levels left.
You didn't know any spells.

Dungeon Overview and Level Annotations

Branches:
Dungeon (3/15)

Altars:
Cheibriados


Message History

You feel mighty! Something hits you but does no damage.
You miss something. Something hits you.
* * * LOW HITPOINT WARNING * * *
Something hits you but does no damage.
An orc wizard appears from thin air!
Reactivating autopickup.
You miss the orc wizard.
The orc wizard is heavily wounded.
The orc wizard hits you but does no damage. x2
You bump into the rock wall.
The orc wizard mumbles some strange words.
The orc wizard flickers and vanishes!
Deactivating autopickup; reactivate with Ctrl-A.
You bump into the rock wall.
You feel a strong urge to attack something.
You feel less confused.
You hear some strange, mumbled words.
A magic dart appears from out of thin air!
The magic dart hits you!
You die...

#.#.#............#......
#.#.###..#.#####.#.#.### #.#.#
##.#..# #.#.#.# # #.#.# #..#.##
#.#†#.# # #
####.#.#####.#..###.#.#.# # #.#.
......................#.###
#.#.#####................#.[....
#.......####.######..#.####.#####
#...............@{....^..........
#........###.#######...##########
#........# #†# ##..# #........#
#.# #..## #........# #.# #...#
#........# #.# ##..## #......÷.#
#.# #...# #........###.#####
##..# .................# #†.#


There were no monsters in sight!

Vanquished Creatures
  An adder (D:2)
  2 oozes
  A dart slug (D:2)
  A leopard gecko (D:2)
  2 orcs (D:2)
  2 giant cockroaches
  5 goblins
  4 hobgoblins
  4 jackals (D:2)
  2 bats (D:1)
  5 frilled lizards
  A kobold (D:2)
  5 rats
  A plant (D:1)
36 creatures vanquished.

Notes
Turn   | Place    | Note
-------+----------+-------------------------------------------
     0 | D:1      | bodvar the Human Fighter began the quest for the Orb.
     0 | D:1      | Reached XP level 1. HP: 18/18 MP: 1/1
   352 | D:1      | Reached XP level 2. HP: 24/24 MP: 2/2
   572 | D:1      | Reached XP level 3. HP: 29/29 MP: 3/3
   737 | D:2      | Found a snail-covered altar of Cheibriados.
   747 | D:2      | Became a worshipper of Cheibriados the Contemplative
  1358 | D:2      | Reached XP level 4. HP: 30/35 MP: 4/4
  1435 | D:2      | Killed from afar by an orc wizard

Action                   |  1- 3 |  4- 6 || total
-------------------------+-------+-------++-------
Melee: Long sword        |   171 |    20 ||   191
  Use: Potion            |       |     1 ||     1
  Eat: Chunk             |     1 |     1 ||     2
Armor: Scale mail        |    58 |    13 ||    71
Dodge: Dodged            |    44 |     3 ||    47
Block: Shield            |    79 |     8 ||    87
       Rpst.: Long sword |     9 |       ||     9
